 Dungeon Crawl Stone Soup version 0.23.2-1-ga50397a (webtiles) character file.

Game seed: 11039155949930625403

11835 Meegle the Thaumaturge (level 11, -8/56 HPs)
             Began as a Deep Elf Fire Elementalist on May 26, 2019.
             Was an Elder of Vehumet.
             Killed from afar by an orc sorcerer (24 damage)
             ... with a bolt of negative energy
             ... while paralysed by an orc sorcerer
             ... on level 2 of the Orcish Mines.
             The game lasted 01:08:02 (15031 turns).

Meegle the Thaumaturge (DEFE)                      Turns: 15031, Time: 01:08:05

Health: -8/56      AC:  3    Str:  7    XL:     11   Next: 54%
Magic:  29/29      EV:  2    Int: 24    God:    Vehumet [****..]
Gold:   670        SH:  0    Dex: 19    Spells: 2/35 levels left

rFire    + + .     SeeInvis .   F - +7 whip of Duty {slash, rF++}
rCold    . . .     Gourm    .   (no shield)
rNeg     . . .     Faith    .   b - +1 robe of Nemelex Xobeh's Regard {rPois MR- Str+2 Dex+4}
rPois    +         Spirit   .   (no helmet)
rElec    .         Reflect  +   S - scarf {repulsion}
rCorr    .         Harm     .   (no gloves)
MR       .....                  (no boots)
Stlth    +++.......             f - +5 amulet of reflection
HPRegen  0.18/turn              (no ring)
MPRegen  0.21/turn              (no ring)

@: paralysed, drained, repel missiles
A: no striking features
a: Renounce Religion


You were on level 2 of the Orcish Mines.
You worshipped Vehumet.
Vehumet was greatly pleased with you.
You were not hungry.

You visited 3 branches of the dungeon, and saw 13 of its levels.

You collected 670 gold pieces.

Inventory:

Hand Weapons
 x - a +2 mace of freezing
 C - a +0 short sword of venom
 F - the +7 whip of Duty (weapon) {slash, rF++}
   (You found it on level 7 of the Dungeon)

   It inflicts extra damage upon your enemies.
   It greatly protects you from fire.
 U - a +0 blowgun
Missiles
 B - 2 poisoned tomahawks (quivered)
Armour
 a - a +0 robe
 b - the +1 robe of Nemelex Xobeh's Regard (worn) {rPois MR- Str+2 Dex+4}
   (You found it on level 4 of the Dungeon)

   It affects your strength (+2).
   It affects your dexterity (+4).
   It protects you from poison.
   It affects your resistance to hostile enchantments.
 u - the +2 robe of Birdsong {rCorr Str+2}
   (You found it on level 5 of the Dungeon)

   It affects your strength (+2).
   It provides partial protection from all sources of acid and corrosion.
 S - a scarf of repulsion (worn)
Magical Staves
 M - an uncursed staff of conjuration
 O - an uncursed staff of death
Jewellery
 f - a +5 amulet of reflection (around neck)
 j - an uncursed ring of magical power {unknown}
 k - an uncursed amulet of the gourmand {unknown}
 m - an uncursed ring of flight {unknown}
 s - an uncursed amulet of regeneration {unknown}
 w - an uncursed ring of wizardry {unknown}
 z - a cursed ring of teleportation {unknown}
 J - a cursed +5 ring of intelligence {unknown}
 L - an uncursed ring of protection from magic {unknown}
 N - an uncursed amulet of guardian spirit {unknown}
Wands
 p - a wand of flame (26)
 E - a wand of random effects (14)
 H - a wand of iceblast (18)
 I - a wand of paralysis (11)
Scrolls
 d - 3 scrolls of identify
 e - 9 scrolls of teleportation
 i - 2 scrolls of blinking
 o - 2 scrolls of amnesia {unknown}
 r - 4 scrolls of remove curse {unknown}
 t - 2 scrolls of enchant armour {unknown}
 v - a scroll of immolation {unknown}
 y - a scroll of fear {unknown}
 D - 2 scrolls of fog {unknown}
 G - a scroll of magic mapping {unknown}
 K - 2 scrolls of brand weapon {unknown}
 P - a scroll of silence {unknown}
Potions
 g - 6 potions of curing {unknown}
 h - 3 potions of heal wounds {unknown}
 l - 4 potions of lignification {unknown}
 n - a potion of cancellation {unknown}
 q - 2 potions of might {unknown}
 A - 2 potions of agility {unknown}
 R - a potion of haste {unknown}
 T - a potion of resistance
Miscellaneous
 Q - a lightning rod (4/4)
Comestibles
 c - 13 rations


   Skills:
 + Level 1.0(0.5) Fighting
 + Level 1.0(0.4) Short Blades
 * Level 7.3(6.7) Dodging
 + Level 5.4(4.8) Stealth
 + Level 12.7(12.0) Spellcasting
 + Level 10.4(9.7) Conjurations
 + Level 11.5(10.8) Fire Magic
 + Level 0.4(0.0) Poison Magic


You had 2 spell levels left.
You knew the following spells:

 Your Spells              Type           Power        Failure   Level  Hunger
a - Flame Tongue          Conj/Fire      #####        1%          1    None
b - Throw Flame           Conj/Fire      ######       1%          2    None
c - Conjure Flame         Conj/Fire      ######..     1%          3    None
d - Inner Flame           Hex/Fire       #####...     1%          3    None
e - Sticky Flame          Conj/Fire      ######..     1%          4    None
f - Fireball              Conj/Fire      ######....   1%          5    ###....
g - Confusing Touch       Hex            ##....       4%          1    None
h - Summon Small Mammal   Summ           ##..         4%          1    None
i - Fulminant Prism       Conj/Hex       #####.....   1%          4    None
j - Shock                 Conj/Air       ####         1%          1    None
k - Throw Frost           Conj/Ice       #####.       1%          2    None
l - Mephitic Cloud        Conj/Pois/Air  ####....     1%          3    None
m - Ignite Poison         Fire/Tmut/Pois ####....     1%          3    None

Your spell library contained the following spells:

 Spells                   Type           Power        Failure   Level  Hunger
 Bolt of Draining         Conj/Necr      #####.....   4%          5    ###....
 Magic Dart               Conj           ####         1%          1    None
 Sting                    Conj/Pois      ####         1%          1    None
 Searing Ray              Conj           ######       1%          2    None
 Animate Skeleton         Necr           N/A          4%          1    None
 Apportation              Tloc           ##....       4%          1    None
 Blink                    Tloc           N/A          6%          2    None
 Call Imp                 Summ           ##......     6%          2    None
 Poisonous Vapours        Pois/Air       ##....       6%          2    None
 Slow                     Hex            ##......     6%          2    None
 Dazzling Spray           Conj/Hex       #####.       1%          3    None
 Force Lance              Conj/Tloc      #####...     1%          4    None
 Iskenderun's Mystic Bla  Conj           ######..     1%          4    None
 Venom Bolt               Conj/Pois      #####.....   4%          5    ###....
 Olgreb's Toxic Radiance  Pois           ##......     11%         4    None


Dungeon Overview and Level Annotations

Branches:
Dungeon (10/15)            Temple (1/1) D:4             Orc (2/2) D:9
    Elf (0/3) Orc:2
   Lair: D:8-11

Altars:
Ashenzari
Cheibriados
Dithmenos
Elyvilon
Fedhas
Gozag
Hepliaklqana
Kikubaaqudgha
Makhleb
Nemelex Xobeh
Okawaru
Qazlal
Ru
Sif Muna
Trog
Uskayaw
Vehumet
Wu Jian
Xom
Yredelemnul
Zin
The Shining One

Portals:
Trove: D:10 (give +3 storm dragon scales)

Annotations:
D:9 Gastronok


Message History

You suddenly lose the ability to move!
The orc hits you with a +0 short sword of venom.
The orc warrior hits you with a +0 scimitar.
The orc warrior throws a tomahawk of returning.
The tomahawk of returning is repelled.
The weapon returns to the orc warrior!
The orc barely misses you.
The orc sorcerer's eyes start to glow.
The orc hits you with a +0 short sword of venom.
The orc warrior throws a tomahawk of returning.
The tomahawk of returning barely misses you.
The weapon returns to the orc warrior!
The orc warrior hits you with a +0 scimitar!!
The orc hits you with a +0 club.
The orc wizard gestures at you while chanting.
The magic dart hits you.
* * * LOW HITPOINT WARNING * * *
The orc sorcerer becomes larger for a moment.
The orc sorcerer gestures at you while chanting.
The bolt of negative energy hits you!!
You feel drained.
You die...

$.###.o..
...#.....
.........
#........
#..$$.[..
###........
##.o........
#...@o......
#...oo......
.......o>......
.......$..#....
...o....#.# ...
........### #.
..$....o.
..o....o.


You could see an orc sorcerer, 3 orc warriors, an orc priest (wandering), 2 orc
wizards and 3 orcs.

Vanquished Creatures
  An ettin (Orc:1)
  3 two-headed ogres
  A troll (Orc:2)
  A hippogriff (D:10)
  Sigmund (D:2)
  11 yaks
  A human (D:10)
  A hungry ghost (D:7)
  A steam dragon (D:9)
  3 water moccasins (D:7)
  2 ice beasts
  A sky beast (D:10)
  6 orc warriors
  4 phantoms
  A black bear (D:7)
  10 ogres
  3 centaurs
  4 big kobolds
  5 bullfrogs
  2 wyvern skeletons (D:8)
  3 scorpions
  A water moccasin skeleton (D:9)
  5 killer bees (D:7)
  18 wights
  3 howler monkeys
  A bullfrog zombie (D:9)
  2 crimson imps
  4 hounds
  A quasit (D:8)
  2 centaur zombies
  2 jellies
  A centaur skeleton (D:6)
  5 bullfrog skeletons
  10 orc priests
  2 iguanas
  Jessica (D:2)
  15 orc wizards
  Natasha (twice) (D:4)
  8 worker ants
  2 hound skeletons
  A worker ant zombie (D:10)
  A howler monkey zombie (D:8)
  6 gnolls
  2 gnoll zombies (D:7)
  An orc zombie (D:7)
  9 adders
  A shadow imp (D:6)
  An ooze (D:3)
  An adder skeleton (D:7)
  2 adder zombies
  3 worms
  4 dart slugs
  7 leopard geckos
  50 orcs
  4 giant cockroaches
  7 goblins
  9 hobgoblins
  14 jackals
  3 quokkas
  A ball python (D:3)
  6 bats
  2 frilled lizards
  19 kobolds
  A leopard gecko zombie (D:5)
  7 rats
312 creatures vanquished.

Vanquished Creatures (others)
  A fulminant prism (D:5)
1 creature vanquished.

Grand Total: 313 creatures vanquished

Notes
Turn   | Place    | Note
-------+----------+-------------------------------------------
     0 | D:1      | Meegle the Deep Elf Fire Elementalist began the quest for
                  | the Orb.
     0 | D:1      | Reached XP level 1. HP: 10/10 MP: 6/6
   244 | D:1      | Reached XP level 2. HP: 15/15 MP: 5/8
  1014 | D:2      | Noticed Jessica
  1016 | D:2      | Killed Jessica
  1016 | D:2      | Reached XP level 3. HP: 19/19 MP: 7/10
  1045 | D:2      | Learned a level 2 spell: Throw Flame
  1049 | D:2      | Learned a level 3 spell: Conjure Flame
  1285 | D:2      | Reached skill level 4 in Spellcasting
  1504 | D:2      | Reached XP level 4. HP: 19/24 MP: 9/12
  1748 | D:2      | Noticed Sigmund
  1756 | D:2      | Killed Sigmund
  1756 | D:2      | Reached skill level 5 in Spellcasting
  1756 | D:2      | Reached skill level 5 in Fire Magic
  1756 | D:2      | Reached XP level 5. HP: 28/28 MP: 4/14
  1893 | D:2      | Learned a level 3 spell: Inner Flame
  1898 | D:2      | Learned a level 4 spell: Sticky Flame
  1953 | D:2      | Reached XP level 6. HP: 32/32 MP: 12/15
  2026 | D:2      | Found a shimmering altar of Xom.
  2027 | D:2      | Found a bloodstained altar of Trog.
  3575 | D:4      | Reached skill level 6 in Spellcasting
  3628 | D:4      | Reached XP level 7. HP: 36/36 MP: 8/18
  3696 | D:4      | Learned a level 5 spell: Fireball
  3785 | D:4      | Found a staircase to the Ecumenical Temple.
  3791 | Temple   | Entered the Ecumenical Temple
  4214 | D:4      | Noticed Natasha
  4245 | D:4      | Reached skill level 7 in Spellcasting
  4717 | D:4      | Got a shimmering robe
  4770 | D:5      | Entered Level 5 of the Dungeon
  5019 | D:5      | Reached XP level 8. HP: 41/41 MP: 9/21
  5111 | D:5      | Got an ominously black robe
  5378 | D:5      | Reached skill level 8 in Spellcasting
  6048 | D:6      | Found a radiant altar of Vehumet.
  6048 | D:6      | Found a shattered altar of Ashenzari.
  6048 | D:6      | Found a glowing golden altar of the Shining One.
  6048 | D:6      | Found a hide-covered altar of Uskayaw.
  6068 | D:6      | Reached skill level 5 in Conjurations
  6254 | D:6      | Became a worshipper of Vehumet
  6398 | D:6      | Reached skill level 9 in Spellcasting
  6825 | D:6      | Reached XP level 9. HP: 46/46 MP: 17/24
  7380 | D:7      | Reached * piety under Vehumet
  7380 | D:7      | Offered knowledge of Sandblast by Vehumet.
  7511 | D:7      | Learned a level 1 spell: Confusing Touch
  7513 | D:7      | Learned a level 1 spell: Summon Small Mammal
  7718 | D:7      | Found a burning altar of Makhleb.
  7808 | D:7      | Got a jewelled whip
  7809 | D:7      | Identified the +1 robe of Nemelex Xobeh's Regard {rPois MR-
                  | Str+2 Dex+4} (You found it on level 4 of the Dungeon)
  7810 | D:7      | Identified the +2 robe of Birdsong {rCorr Str+2} (You found
                  | it on level 5 of the Dungeon)
  7811 | D:7      | Identified the +7 whip of Duty {slash, rF++} (You found it
                  | on level 7 of the Dungeon)
  7857 | D:7      | Reached skill level 10 in Spellcasting
  8078 | D:7      | Reached skill level 1 in Short Blades
  8301 | D:7      | Found a stormy altar of Qazlal.
  8340 | D:7      | Found a transporter.
  8379 | D:7      | Learned a level 4 spell: Fulminant Prism
  8441 | D:7      | Found a transporter.
  8815 | D:4      | Killed Natasha
  8890 | D:4      | Noticed Natasha
  8891 | D:4      | Killed Natasha
  9546 | D:8      | Offered knowledge of Shock by Vehumet.
  9549 | D:8      | Learned a level 1 spell: Shock
  9849 | D:8      | Found a glowing silver altar of Zin.
  9948 | D:8      | Reached ** piety under Vehumet
 10019 | D:8      | Reached skill level 5 in Stealth
 10019 | D:8      | Reached XP level 10. HP: 51/51 MP: 13/26
 10835 | D:9      | Reached skill level 11 in Spellcasting
 10839 | D:9      | Reached skill level 10 in Fire Magic
 11167 | D:9      | Noticed Gastronok
 11192 | D:9      | Found a staircase to the Orcish Mines.
 11302 | D:9      | Reached skill level 5 in Dodging
 11604 | D:9      | Noticed a two-headed ogre
 11620 | D:9      | Killed a two-headed ogre
 11620 | D:9      | Reached skill level 1 in Fighting
 11728 | D:10     | Entered Level 10 of the Dungeon
 12278 | D:10     | Offered knowledge of Throw Frost by Vehumet.
 12278 | D:10     | Reached XP level 11. HP: 56/56 MP: 12/28
 12353 | D:10     | Learned a level 2 spell: Throw Frost
 12414 | D:10     | Reached skill level 12 in Spellcasting
 12695 | D:10     | Reached *** piety under Vehumet
 12979 | D:10     | Learned a level 3 spell: Mephitic Cloud
 13114 | D:10     | Found a portal to a secret trove of treasure.
 13128 | D:10     | Offered knowledge of Ignite Poison by Vehumet.
 13133 | D:10     | Learned a level 3 spell: Ignite Poison
 14135 | Orc:1    | Entered Level 1 of the Orcish Mines
 14135 | Orc:1    | Noticed an ettin
 14144 | Orc:1    | Killed an ettin
 14146 | Orc:1    | Reached skill level 10 in Conjurations
 14280 | Orc:1    | Reached **** piety under Vehumet
 14374 | Orc:1    | Noticed a two-headed ogre
 14379 | Orc:1    | Noticed a two-headed ogre
 14381 | Orc:1    | Killed a two-headed ogre
 14467 | Orc:1    | Noticed a two-headed ogre
 14472 | Orc:1    | Killed a two-headed ogre
 14472 | Orc:1    | Offered knowledge of Bolt of Draining by Vehumet.
 14480 | Orc:1    | Noticed an ogre mage
 14715 | Orc:1    | Noticed an orc sorcerer
 14729 | Orc:2    | Entered Level 2 of the Orcish Mines
 14729 | Orc:2    | Found a staircase to the Elven Halls.
 14736 | Orc:2    | Noticed an orc sorcerer
 15029 | Orc:2    | Paralysed by an orc sorcerer for 7 turns
 15031 | Orc:2    | Killed from afar by an orc sorcerer

Skill      XL: |  1  2  3  4  5  6  7  8  9 10 11 |
---------------+----------------------------------+-----
Fire Magic     | 4 5 6 7 9 10 11 | 11.5
Stealth        | 3 4 5 |  5.4
Spellcasting   | 4 5 6 7 9 10 11 12 | 12.7
Dodging        | 3 6 7 |  7.3
Conjurations   | 2 3 4 6 8 9 10 | 10.4
Short Blades   | 1 |  1.0
Fighting       | 1 |  1.0
Poison Magic   | |  0.4

Action                   |  1- 3 |  4- 6 |  7- 9 | 10-12 || total
-------------------------+-------+-------+-------+-------++-------
Melee: Unarmed           |     2 |       |       |       ||     2
       Short sword       |       |       |    11 |       ||    11
 Cast: Flame Tongue      |    35 |    99 |   306 |   280 ||   720
       Throw Flame       |     2 |    15 |    25 |    17 ||    59
       Conjure Flame     |       |     3 |    15 |    12 ||    30
       Fireball          |       |       |    13 |    32 ||    45
       Sticky Flame      |       |       |     7 |    20 ||    27
       Fulminant Prism   |       |       |     1 |       ||     1
       Mephitic Cloud    |       |       |       |     2 ||     2
  Use: Scroll            |       |     1 |     3 |     4 ||     8
  Eat: Chunk             |     2 |     6 |    12 |    11 ||    31
       Ration            |       |       |     3 |     2 ||     5
Armor: Robe              |     2 |     2 |     6 |    14 ||    24
Dodge: Dodged            |     2 |     8 |    46 |    69 ||   125
       Deflected         |       |       |       |     1 ||     1
Block: Other             |       |       |       |    23 ||    23
       Reflection        |       |       |       |     3 ||     3
